[ AOE2 MATCH · #481931353 ]
1v1 RMGoths vs Gurjaras
Player's team · WIN
Rival team · LOSS
[ REPLAY ANALYSIS · EXTRACTED FROM THE RECORDED GAME ]
Feudal
—
Castle
—
Imperial
—
| APM avg | 14.8 |
| APM peak | 34 |
| eAPM avg | 10.6 |
| Villagers / military | 44 / 27 |
Focus
⚔️ 26.4% · 🌾 73.6%
Militia ×21 · Scout Cavalry ×3 · Knight ×2 · Spearman ×1
Feudal
9:52
Castle
24:15
Imperial
—
| APM avg | 22.2 |
| APM peak | 48 |
| eAPM avg | 12.9 |
| Villagers / military | 48 / 47 |
Focus
⚔️ 26.4% · 🌾 73.6%
Militia ×40 · Scout Cavalry ×6 · Spearman ×1
Match map
Initial resources + every placement click. Lines = walls · curves = elevation contours. ◆ gold · ⬟ stone · ● berries · ✦ relic · ◌ wall gap
Your base· Open — unwalled flank
ed_glezesc's base· ✓ Closed at 24:15 · 11t walls · 1 gate(s)
Smoothed initial terrain · ◌ = detected wall gap · hover for details
Inputs per minute
— juantortillas - - ed_glezesc
Build order — juantortillas
118 actions detected in the replay
| 0:01 | Create | Villager (Male) |
| 0:01 | Create | Villager (Male) |
| 0:02 | Create | Villager (Male) |
| 0:02 | Create | Villager (Male) |
| 0:04 | Build | House |
| 0:08 | Build | House |
| 1:43 | Create | Villager (Male) |
| 1:43 | Create | Villager (Male) |
| 2:19 | Create | Villager (Male) |
| 3:02 | Build | Lumber Camp |
| 3:05 | Create | Villager (Male) |
| 3:05 | Create | Villager (Male) |
| 3:19 | Research | Loom |
| 3:28 | Create | Villager (Male) |
| 4:09 | Create | Villager (Male) |
| 4:09 | Create | Villager (Male) |
| 4:09 | Create | Villager (Male) |
| 4:48 | Build | Mill |
| 4:52 | Create | Villager (Male) |
| 5:04 | Build | House |
| 5:21 | Create | Villager (Male) |
| 5:34 | Build | House |
| 6:03 | Create | Villager (Male) |
| 6:20 | Create | Villager (Male) |
| 6:51 | Create | Villager (Male) |
| 7:02 | Build | Farm |
| 7:27 | Create | Villager (Male) |
| 7:51 | Create | Villager (Male) |
| 8:01 | Build | Mining Camp |
| 8:24 | Research | Feudal Age |
| 9:01 | Build | Barracks |
| 9:36 | Build | House |
| 10:03 | Create | Militia |
| 10:03 | Create | Militia |
| 10:19 | Create | Villager (Male) |
| 10:20 | Create | Villager (Male) |
| 10:41 | Research | Man-at-Arms (upgrade) |
| 11:09 | Research | Wheelbarrow |
| 11:12 | Create | Villager (Male) |
| 11:24 | Build | Stable |
| 11:35 | Create | Villager (Male) |
| 11:44 | Build | Farm |
| 11:45 | Build | Farm |
| 11:45 | Build | Farm |
| 11:46 | Build | Farm |
| 12:22 | Build | Blacksmith |
| 12:23 | Create | Villager (Male) |
| 12:24 | Create | Villager (Male) |
| 12:26 | Create | Scout Cavalry |
| 12:26 | Create | Scout Cavalry |
| 12:35 | Create | Villager (Male) |
| 12:36 | Create | Villager (Male) |
| 12:42 | Create | Spearman |
| 12:55 | Research | Wheelbarrow |
| 12:59 | Build | House |
| 13:04 | Research | Forging |
| 14:01 | Create | Villager (Male) |
| 14:34 | Create | Villager (Male) |
| 14:38 | Build | Farm |
| 14:41 | Build | Farm |
| 14:47 | Build | Farm |
| 14:48 | Build | Farm |
| 14:53 | Create | Villager (Male) |
| 14:58 | Build | House |
| 14:59 | Build | House |
| 15:18 | Create | Villager (Male) |
| 15:55 | Create | Villager (Male) |
| 15:55 | Create | Villager (Male) |
| 16:01 | Build | Farm |
| 16:41 | Build | House |
| 16:50 | Build | Lumber Camp |
| 16:51 | Create | Villager (Male) |
| 16:55 | Build | Farm |
| 17:16 | Create | Villager (Male) |
| 17:20 | Build | House |
| 17:33 | Build | Farm |
| 17:41 | Create | Villager (Male) |
| 18:07 | Research | Castle Age |
| 18:15 | Build | Farm |
| 18:24 | Build | House |
| 18:26 | Build | House |
| 19:05 | Build | Mining Camp |
| 19:09 | Research | Double-Bit Axe |
| 19:51 | Build | Barracks |
| 19:56 | Create | Militia |
| 19:56 | Create | Militia |
| 19:56 | Create | Militia |
| 20:38 | Create | Scout Cavalry |
| 20:44 | Create | Militia |
| 20:51 | Research | Long Swordsman (upgrade) |
| 20:53 | Create | Knight |
| 20:54 | Create | Knight |
| 21:12 | Create | Villager (Male) |
| 21:13 | Create | Villager (Male) |
| 21:15 | Research | Iron Casting |
| 21:23 | Build | Town Center |
| 21:50 | Create | Militia |
| 21:50 | Create | Militia |
| 21:51 | Create | Militia |
| 22:03 | Build | Outpost |
| 22:22 | Create | Militia ×5 |
| 22:26 | Build | Barracks |
| 22:37 | Research | Scale Mail Armor |
| 22:53 | Create | Villager (Male) |
| 22:54 | Create | Villager (Male) |
| 23:14 | Research | Squires |
| 23:15 | Create | Militia |
| 23:21 | Create | Militia |
| 23:26 | Build | Barracks |
| 23:28 | Create | Villager (Male) |
| 23:34 | Build | Farm |
| 23:39 | Build | Farm |
| 23:49 | Create | Villager (Male) |
| 23:50 | Create | Villager (Male) |
| 23:54 | Build | House |
| 23:55 | Build | House |
| 24:52 | Create | Militia ×5 |
| 25:15 | Research | Chain Mail Armor |
Build order — ed_glezesc
First 150 of 168 actions detected
| 0:00 | Create | Villager (Male) |
| 0:00 | Create | Villager (Male) |
| 0:01 | Create | Villager (Male) |
| 0:04 | Build | House |
| 0:04 | Build | House |
| 0:10 | Create | Villager (Male) |
| 0:11 | Create | Villager (Male) |
| 1:43 | Create | Villager (Male) |
| 1:43 | Create | Villager (Male) |
| 1:51 | Build | Mill |
| 2:05 | Research | Loom |
| 2:45 | Create | Villager (Male) |
| 2:46 | Create | Villager (Male) |
| 2:46 | Create | Villager (Male) |
| 2:46 | Create | Villager (Male) |
| 3:43 | Create | Villager (Male) |
| 3:43 | Create | Villager (Male) |
| 3:44 | Create | Villager (Male) |
| 3:44 | Create | Villager (Male) |
| 3:54 | Build | House |
| 5:12 | Create | Villager (Male) |
| 5:13 | Create | Villager (Male) |
| 5:13 | Create | Villager (Male) |
| 5:13 | Create | Villager (Male) |
| 5:13 | Create | Villager (Male) |
| 5:34 | Create | Villager (Male) |
| 5:35 | Create | Villager (Male) |
| 5:35 | Create | Villager (Male) |
| 6:37 | Build | Lumber Camp |
| 7:28 | Research | Feudal Age |
| 7:57 | Create | Villager (Male) |
| 8:04 | Build | House |
| 9:21 | Build | Barracks |
| 9:52 | Age | Feudal Age |
| 9:58 | Research | Double-Bit Axe |
| 10:08 | Research | Horse Collar |
| 10:23 | Build | Farm |
| 10:28 | Create | Villager (Male) |
| 10:29 | Create | Villager (Male) |
| 10:31 | Create | Villager (Male) |
| 10:42 | Research | Wheelbarrow |
| 10:48 | Build | Farm |
| 10:48 | Build | Farm |
| 10:48 | Build | Farm |
| 10:49 | Build | Farm |
| 10:49 | Build | Farm |
| 10:49 | Build | Farm |
| 11:02 | Build | Farm |
| 11:02 | Build | Farm |
| 11:02 | Build | Farm |
| 11:02 | Build | Farm |
| 11:02 | Build | Farm |
| 11:03 | Build | Farm |
| 11:03 | Build | Farm |
| 11:38 | Build | Stable |
| 11:42 | Create | Villager (Male) |
| 11:42 | Create | Villager (Male) |
| 11:43 | Create | Villager (Male) |
| 11:47 | Build | Farm |
| 11:47 | Build | Farm |
| 11:47 | Build | Farm |
| 11:48 | Build | Farm |
| 11:48 | Build | Farm |
| 11:57 | Build | Farm |
| 11:58 | Build | Farm |
| 11:58 | Build | Farm |
| 11:58 | Build | Farm |
| 11:58 | Build | Farm |
| 11:59 | Build | Farm |
| 12:19 | Build | Farm |
| 12:20 | Build | Farm |
| 12:20 | Build | Farm |
| 12:20 | Build | Farm |
| 12:20 | Build | Farm |
| 12:20 | Build | Farm |
| 12:31 | Build | House |
| 12:34 | Build | House |
| 12:38 | Build | House |
| 12:41 | Build | House |
| 13:02 | Build | Watch Tower |
| 13:34 | Create | Spearman |
| 13:37 | Create | Scout Cavalry ×2 |
| 13:37 | Create | Scout Cavalry ×2 |
| 14:09 | Build | Farm |
| 14:09 | Build | Farm |
| 14:09 | Build | Farm |
| 14:10 | Build | Farm |
| 14:10 | Build | Farm |
| 14:10 | Build | Farm |
| 14:24 | Create | Villager (Male) |
| 14:25 | Create | Villager (Male) |
| 14:25 | Create | Villager (Male) |
| 14:25 | Create | Villager (Male) |
| 14:30 | Build | Farm |
| 14:31 | Build | Farm |
| 14:31 | Build | Farm |
| 14:31 | Build | Farm |
| 14:31 | Build | Farm |
| 14:45 | Create | Villager (Male) |
| 14:55 | Create | Villager (Male) |
| 15:24 | Build | Stone Wall |
| 15:27 | Create | Villager (Male) |
| 15:27 | Create | Villager (Male) |
| 15:38 | Build | Stone Wall |
| 15:59 | Build | House |
| 16:24 | Build | Farm |
| 16:24 | Build | Farm |
| 16:24 | Build | Farm |
| 16:24 | Build | Farm |
| 16:25 | Build | Farm |
| 16:39 | Create | Scout Cavalry |
| 16:39 | Create | Scout Cavalry |
| 16:51 | Create | Villager (Male) |
| 16:52 | Create | Villager (Male) |
| 17:07 | Build | Farm |
| 17:07 | Build | Farm |
| 17:07 | Build | Farm |
| 17:07 | Build | Farm |
| 17:07 | Build | Farm |
| 17:08 | Build | Farm |
| 17:08 | Build | Farm |
| 17:16 | Create | Villager (Male) |
| 17:16 | Create | Villager (Male) |
| 18:24 | Build | Blacksmith |
| 18:47 | Create | Villager (Male) |
| 19:00 | Build | Mining Camp |
| 19:46 | Build | Market |
| 19:46 | Create | Villager (Male) |
| 19:46 | Create | Villager (Male) |
| 19:51 | Build | House |
| 19:52 | Build | House |
| 19:53 | Build | House |
| 20:21 | Build | House |
| 20:37 | Build | Mill |
| 20:42 | Build | Farm |
| 20:43 | Build | Farm |
| 20:45 | Create | Villager (Male) |
| 20:46 | Create | Villager (Male) |
| 20:47 | Create | Villager (Male) |
| 21:00 | Research | Man-at-Arms (upgrade) |
| 21:01 | Research | Arson |
| 21:12 | Research | Castle Age |
| 21:18 | Research | Gold Mining |
| 21:58 | Build | Barracks |
| 21:59 | Build | Barracks |
| 22:20 | Build | Gate |
| 22:31 | Build | House |
| 22:32 | Build | House |
| 22:37 | Build | Barracks |
| 22:44 | Research | Scale Mail Armor |
Match timeline
| 9:01 | juantortillas · first_building Barracks |
| 9:21 | ed_glezesc · first_building Barracks |
| 9:52 | ed_glezesc · age_up feudal |
| 11:24 | juantortillas · first_building Stable |
| 11:38 | ed_glezesc · first_building Stable |
| 15:24 | ed_glezesc · wall_segment Stone Wall x4 |
| 15:38 | ed_glezesc · wall_segment Stone Wall x7 |
| 21:05 | ed_glezesc · first_market_sell 100 food |
| 24:15 | ed_glezesc · age_up castle |
| 25:35 | ed_glezesc · resign |
[ AI ANALYSIS · 1 CREDIT ]
What really happened in this match?
Wolo.gg analyzes every decision: build order, eco, micro, common mistakes by bracket. Personalized analysis on WhatsApp or Discord in 30 seconds.
Civ guide
Goths
Map guide
Gold Rush
Perfil
juantortillas